 Dungeon Crawl Stone Soup version 0.30-a0-168-g0b976cbdc4 (webtiles) character file.

Game seed: 11997622017071021261

222 qw the Chopper (level 5, -1/32 HPs)
             Began as a Gargoyle Fighter on Sept 29, 2022.
             Slain by a centaur (4 damage)
             ... on level 4 of the Dungeon.
             The game lasted 00:01:02 (2650 turns).

qw the Chopper (Gargoyle Fighter)                   Turns: 2650, Time: 00:01:03

Health: -1/32      AC: 16    Str: 22    XL:     5   Next: 99%
Magic:  5/5        EV:  7    Int:  8    God:
Gold:   183        SH:  4    Dex:  9    Spells: 4/4 levels left

rFire   . . .      SeeInvis .    Y - +0 war axe
rCold   . . .      Faith    .    c - +0 buckler
rNeg    + . .      Spirit   .    k - +0 chain mail
rPois   inf        Reflect  .    (no helmet)
rElec   +          Harm     .    n - +0 cloak
rCorr   .          Rampage  .    p - +0 pair of gloves
Will    .....                    g - +0 pair of boots
Stlth   ..........               (no amulet)
HPRegen 0.10/turn                (no ring)
MPRegen 0.09/turn                (no ring)

@: no status effects
A: sickness immunity, AC +4, negative energy resistance 1, electricity
resistance, torment resistance 1, petrification resistance
a: no special abilities


You were on level 4 of the Dungeon.
You visited 1 branch of the dungeon, and saw 4 of its levels.

You collected 183 gold pieces.


Innate Abilities, Weirdness & Mutations

You are immune to sickness and miasma.
Your stone body is resilient. (AC +4)
You are immune to poison.
You resist negative energy. (rN+)
You are resistant to electric shocks. (rElec)
You are resistant to unholy torment.
You are immune to petrification.


   Skills:
 + Level 3.2 Fighting
 - Level 5.5 Axes
 - Level 3.2 Armour
 - Level 3.2 Shields


You had 4 spell levels left.
You didn't know any spells.
Your spell library was empty.

Inventory:

Hand Weapons
 b - a +0 flail
 Y - a +0 war axe (weapon)
Missiles
 o - 6 boomerangs (quivered)
Armour
 c - a +0 buckler (worn)
 g - a +0 pair of boots (worn)
 k - a +0 chain mail (worn)
 n - a +0 cloak (worn)
 p - a +0 pair of gloves (worn)
Scrolls
 a - a scroll of identify
 q - a scroll of teleportation {unknown}
Potions
 d - 2 potions of might
 e - a potion of mutation
 f - a potion of resistance
 h - a potion of lignification {unknown}
 i - 2 potions of haste
 j - a potion of magic {unknown}
 l - a potion of curing {unknown}
 m - a potion of attraction {unknown}

Dungeon Overview and Level Annotations

Branches:
Dungeon (4/15)
 Temple: D:4-7

Altars:
Xom


Message History

You barely miss the phantom.
The phantom is almost destroyed.
You hit the centaur. The centaur hits you.
The centaur kicks you but does no damage.
You block the centaur's attack.
The centaur kicks you but does no damage.
You block the phantom's attack.
You hit the phantom.
The phantom is almost destroyed.
You hit the centaur. The centaur hits you.
The centaur kicks you but does no damage.
You block the phantom's attack.
The centaur hits you but does no damage.
The centaur kicks you but does no damage.
You slash the phantom!
You destroy the phantom!
You hit the centaur but do no damage. You block the centaur's attack.
The centaur kicks you but does no damage.
You block the centaur's attack.
The centaur kicks you but does no damage.
Your Axes skill increases to level 5!
You slash the centaur!
The centaur is severely wounded.
The centaur hits you but does no damage.
The centaur kicks you but does no damage.
The centaur hits you but does no damage.
You block the centaur's attack.
You hit the centaur.
The centaur is severely wounded.
The centaur hits you but does no damage.
The centaur kicks you but does no damage.
The centaur barely misses you.
The centaur kicks you but does no damage.
You closely miss the centaur.
The centaur is severely wounded.
The centaur hits you.
You die...

..............#.......#
......................###
.....^..#...)........!..######
........#....................#
##### #....................#
.......................#
........................#
............##.........##
....#......@............#
....#......c.............
#.................(..
#.............#......
...............#......
....#####...####...... ....
...# ... ...# ...#


You could see a centaur.

Vanquished Creatures
  A phantom (D:4)
  An orc priest (D:3)
  4 adders
  An ufetubus (D:4)
  A worm (D:2)
  4 dart slugs
  6 orcs (D:3)
  7 ball pythons
  5 bats
  7 endoplasms
  3 giant cockroaches
  2 goblins (D:2)
  2 hobgoblins
  A jackal (D:2)
  5 kobolds
  3 quokkas
  A frilled lizard (D:1)
  2 rats (D:1)
56 creatures vanquished.

Notes
Turn   | Place    | Note
-------+----------+-------------------------------------------
     0 | D:1      | qw the Gargoyle Fighter began the quest for the Orb.
     0 | D:1      | Reached XP level 1. HP: 14/14 MP: 1/1
     0 | D:1      | 0 ||| qw: Version: 0.2-a-12-gaebbb33
     0 | D:1      | 0 ||| qw: Game counter: 1133
     0 | D:1      | 0 ||| qw: Always use a shield: true
     0 | D:1      | 0 ||| qw: God list: Okawaru
     0 | D:1      | 0 ||| qw: Allow faded altars: false
     0 | D:1      | 0 ||| qw: Do Orc after D:15 true
     0 | D:1      | 0 ||| qw: Do second Lair branch before Depths: true
     0 | D:1      | 0 ||| qw: Lair rune preference: random
     0 | D:1      | 0 ||| qw: Plans: Normal, Zot:1-4, God:TSO, Crypt, Tomb,
                  | Pan, Slime:5, Hells, Abyss, Orb
     0 | D:1      | 0 ||| PLANNING D:1-11
    90 | D:1      | Reached skill level 2 in Axes
   198 | D:1      | Reached XP level 2. HP: 19/19 MP: 2/2
   303 | D:1      | 303 ||| Stepping ~*~*~tactically~*~*~ (stealth).
   428 | D:1      | Found a faded altar of an unknown god.
   733 | D:1      | 733 ||| UPGRADING to +0 chain mail.
   743 | D:1      | 743 ||| DROPPING +0 scale mail.
   744 | D:1      | 744 ||| READING 2 scrolls labelled ALIOFO GUNI.
   745 | D:1      | 745 ||| READING scroll labelled ATSEFA RENTU.
   746 | D:1      | 746 ||| READING scroll labelled OXKOHI CIURPH.
   747 | D:1      | 747 ||| DRINKING 2 bubbling purple potions.
   748 | D:1      | 748 ||| DROPPING scroll of summoning.
   854 | D:2      | Reached skill level 3 in Axes
   918 | D:2      | Reached XP level 3. HP: 19/23 MP: 3/3
  1179 | D:2      | 1179 ||| Stepping ~*~*~tactically~*~*~ (hiding).
  1579 | D:2      | Reached XP level 4. HP: 28/28 MP: 4/4
  1623 | D:2      | 1623 ||| Stepping ~*~*~tactically~*~*~ (stealth).
  1644 | D:2      | Found a shimmering altar of Xom.
  1792 | D:2      | 1792 ||| READING scroll labelled TERYSIECHU.
  1793 | D:2      | 1793 ||| READING scroll labelled SALOMEDDIA.
  1810 | D:3      | 1810 ||| Stepping ~*~*~tactically~*~*~ (stealth).
  1821 | D:3      | Reached skill level 4 in Axes
  1871 | D:3      | 1871 ||| DROPPING +0 whip.
  2021 | D:3      | 2021 ||| Stepping ~*~*~tactically~*~*~ (stealth).
  2022 | D:3      | 2022 ||| Stepping ~*~*~tactically~*~*~ (stealth).
  2035 | D:3      | 2035 ||| Stepping ~*~*~tactically~*~*~ (stealth).
  2037 | D:3      | 2037 ||| Stepping ~*~*~tactically~*~*~ (stealth).
  2092 | D:3      | Reached XP level 5. HP: 31/32 MP: 5/5
  2152 | D:3      | 2152 ||| FLEEEEING.
  2153 | D:3      | 2153 ||| FLEEEEING.
  2159 | D:3      | 2159 ||| STAIRDANCE
  2191 | D:2      | 2191 ||| UPGRADING to +0 pair of boots.
  2196 | D:2      | 2196 ||| UPGRADING to +0 cloak.
  2201 | D:2      | 2201 ||| READING 2 scrolls of identify.
  2201 | D:2      | 2201 ||| IDENTIFYING murky silvery potion
  2516 | D:3      | 2516 ||| UPGRADING to +0 pair of gloves.
  2521 | D:3      | 2521 ||| READING 2 scrolls of identify.
  2521 | D:3      | 2521 ||| IDENTIFYING brown potion
  2628 | D:4      | Noticed a phantom
  2634 | D:4      | Noticed a centaur
  2643 | D:4      | HP: 7/32 [phantom (3)]
  2646 | D:4      | HP: 3/32 [centaur (4)]
  2647 | D:4      | Killed a phantom
  2648 | D:4      | Reached skill level 5 in Axes
  2650 | D:4      | Slain by a centaur

Levels and vault maps discovered:
D:1:      matt_arrival_grand_opening, layout_basic,
          shapermc_ecumenical_altar_notcrosses, hangedman_decor_lopped,
          kennysheep_minor_cross
D:2:      minmay_evil_eye, layout_loops_cross, basic_altar
D:3:      layout_loops_ring, nrook_campfire
D:4:      layout_basic

Skill      XL: |  1  2  3  4  5 |
---------------+----------------+-----
Axes           | 2 3 4 5 |  5.5
Fighting       | |  3.2
Armour         | |  3.2
Shields        | |  3.2

Action                   |  1- 3 |  4- 6 || total
-------------------------+-------+-------++-------
Melee: War axe           |   127 |    77 ||   204
Throw: Boomerang         |       |    13 ||    13
  Use: Scroll            |     3 |     4 ||     7
       Potion            |     1 |       ||     1
Armor: Scale mail        |    38 |       ||    38
       Chain mail        |    46 |    67 ||   113
Dodge: Dodged            |    49 |    47 ||    96
Block: Buckler           |    22 |    22 ||    44

Table legend:
 A = Non-vault XP
 B = Vault XP
 C = Vault XP percentage of total XP
 D = Non-vault monster count
 E = Vault monster count
 F = Vault count percentage of total count
                 A         B        C        D         E       F
            +---------+---------+-------+---------+---------+-------
      Total |     307 |      11 |   3.5 |      52 |       4 |   7.1
            +---------+---------+-------+---------+---------+-------
        D:1 |      26 |       0 |   0.0 |      14 |       0 |   0.0
        D:2 |      51 |      11 |  17.7 |      12 |       4 |  25.0
        D:3 |     106 |       0 |   0.0 |      21 |       0 |   0.0
        D:4 |     124 |       0 |   0.0 |       5 |       0 |   0.0
            +---------+---------+-------+---------+---------+-------
